 Dungeon Crawl Stone Soup version 0.20.1-1-g8b1a95d (webtiles) character file.

9367 markt42 the Basher (level 11, -2/66 HPs)
             Began as a Gargoyle Fighter on Oct 7, 2017.
             Was an Elder of Okawaru.
             Slain by an ogre
             ... wielding a +0 giant club
              (20 damage)
             ... on level 9 of the Dungeon.
             The game lasted 00:11:38 (7573 turns).

markt42 the Basher (Gargoyle Fighter)               Turns: 7573, Time: 00:11:39

Health: -2/66      AC: 28    Str: 23    XL:     11   Next: 45%
Magic:  11/11      EV:  7    Int:  6    God:    Okawaru [****..]
Gold:   480        SH: 12    Dex: 17    Spells: 10/10 levels left

rFire    + + .     SeeInvis +   a - +0 flail
rCold    . . .     Gourm    .   c - +0 shield
rNeg     + . .     Faith    .   C - +2 plate armour
rPois    ∞         Spirit   .   A - +2 helmet
rElec    +         Reflect  .   D - scarf {cloud immunity}
rCorr    .         Harm     .   g - +0 pair of gloves of the Game Afoot {rF++ Str+3 Int-4 Stlth+}
MR       .....                  (no boots)
Stlth    ..........             (no amulet)
Regen    0.3/turn               o - ring of see invisible
MPRegen  0.2/turn               (no ring)

@: no status effects
A: hooves 2, thin skeletal structure 1, agile 2, blurry vision 1, deterioration
1, negative energy resistance 1, electricity resistance, unbreathing,
petrification resistance, rot immunity, subdued magic 1, AC +7
a: Heroism, Renounce Religion


You were on level 9 of the Dungeon.
You worshipped Okawaru.
Okawaru was greatly pleased with you.
You were not hungry.

You visited 2 branches of the dungeon, and saw 10 of its levels.

You collected 480 gold pieces.

Inventory:

Hand Weapons
 a - a +0 flail (weapon)
Armour
 c - a +0 shield (worn)
 g - the +0 pair of gloves of the Game Afoot (worn) {rF++ Str+3 Int-4 Stlth+}
   (You found it on level 7 of the Dungeon)

   It affects your strength (+3).
   It affects your intelligence (-4).
   It greatly protects you from fire.
   It makes you more stealthy.
 A - a +2 helmet (worn)
 C - a +2 plate armour (worn)
 D - a scarf of cloud immunity (worn)
Jewellery
 o - a ring of see invisible (left hand)
 w - an uncursed ring of protection from magic
Wands
 b - a wand of confusion (5/48)
 d - a wand of flame (28/48)
 e - a wand of polymorph (18/24)
 i - a wand of flame (24/48)
 m - a wand of polymorph (2/24)
 n - a wand of acid (12/15)
 v - a wand of disintegration (15/24)
 x - a wand of enslavement (12/24)
 E - a wand of random effects (27/48)
 F - a wand of lightning (6/15)
Scrolls
 h - 6 scrolls of remove curse
 k - a scroll of recharging
 l - 2 scrolls of enchant armour
 p - 2 scrolls of teleportation
 y - a scroll of amnesia
 z - a scroll of identify
Potions
 r - a potion of ambrosia
 s - 6 potions of curing
 u - a potion of flight
 B - a potion of heal wounds
 G - a potion of invisibility {unknown}
Comestibles
 f - 3 bread rations
 j - 4 meat rations
 q - 3 royal jellies
 t - 7 fruits
 H - a chunk of flesh


   Skills:
 + Level 6.4 Fighting
 * Level 12.6 Maces & Flails
 * Level 9.3 Armour
 + Level 2.2 Dodging
 + Level 8.5 Shields


You had 10 spell levels left.
You didn't know any spells.

Dungeon Overview and Level Annotations

Branches:
Dungeon (9/15)             Temple (1/1) D:4
   Lair: D:8-11         Orc: D:9-12

Altars:
Ashenzari
Cheibriados
Dithmenos
Elyvilon
Fedhas
Gozag
Hepliaklqana
Kikubaaqudgha
Makhleb
Nemelex Xobeh
Okawaru
Qazlal
Ru
Sif Muna
Trog
Uskayaw
Vehumet
Xom
Yredelemnul
The Shining One


Innate Abilities, Weirdness & Mutations

You are resistant to torment.
Your stone body is resilient. (AC +7)
You are immune to poison.
You resist negative energy. (rN+)
You are resistant to electric shocks. (rElec)
You can survive without breathing.
You are immune to petrification.
You are immune to rotting.
You have hoof-like feet.
You have a somewhat thin skeletal structure. (Dex +2, Stealth)
You are very agile. (Dex +4)
Scrolls take you a little longer to read.
Your body sometimes deteriorates upon taking damage.
Your spells are a little easier to cast, but a little less powerful.


Message History

You are too injured to fight recklessly!
You are too injured to fight recklessly!
You are too injured to fight recklessly!
You are too injured to fight recklessly!
You are too injured to fight recklessly!
Unknown command.
You sock the two-headed ogre! You kick the two-headed ogre.
The two-headed ogre is almost dead.
You block the ogre's attack.
You barely miss the two-headed ogre.
You kick the two-headed ogre, but do no damage.
The two-headed ogre is almost dead.
The two-headed ogre hits you with a giant spiked club.
The two-headed ogre hits you with a giant spiked club!
* * * LOW HITPOINT WARNING * * *
You bludgeon the two-headed ogre!!
You kill the two-headed ogre!
Okawaru is honoured by your kill. The ogre hits you with a giant club!!
You die...

.......####...
..(............ .[...
†#.....##..##.# #......
...........##.###.......
..##..##...............
.. ##..............#.###
.# ###.##..............
. #...#..#.....)...# .#
#†..........@....#
>..#...##.##....O.##..#
#....###.#...?>..##..
#...###..#.#..##....#
.......................
...........##.######....
#........###..## .###
..............# #
..............#


You could see an ogre.

Vanquished Creatures
  Gastronok (D:8)
  Erica (D:8)
  2 two-headed ogres
  An unseen horror (D:8)
  The ghost of Terandir the Magician, a novice DEEE of Sif Muna (D:6)
  Psyche (D:8)
  Joseph (D:7)
  Grinder (D:3)
  Prince Ribbit (D:6)
  Sigmund (D:2)
  The ghost of ThereIsNoGod the Cudgeler, an amateur TrFi (D:4)
  Menkaure (D:4)
  4 water moccasins
  2 orc warriors (D:7)
  An ice beast (D:6)
  2 sky beasts (D:6)
  2 phantoms
  5 centaurs
  3 ogres
  Blork the orc (D:5)
  A bullfrog (D:8)
  4 scorpions
  6 killer bees (D:8)
  7 crimson imps
  A jelly (D:7)
  An orc priest (D:7)
  2 hounds
  4 bullfrog skeletons
  4 iguanas
  Terence (D:2)
  Crazy Yiuf (D:5)
  Jessica (D:2)
  Ijyb (D:4)
  3 orc wizards
  4 worker ants
  A killer bee zombie (D:7)
  A hound skeleton (D:5)
  2 worker ant zombies
  13 adders
  4 gnolls (D:4)
  A howler monkey skeleton (D:5)
  5 shadow imps
  8 worms
  2 dart slugs
  2 leopard geckos
  16 orcs
  4 giant cockroaches
  8 goblins
  6 hobgoblins
  17 jackals
  5 quokkas
  A ball python (D:1)
  5 bats
  3 frilled lizards
  A jackal skeleton (D:4)
  9 kobolds
  4 rats
192 creatures vanquished.

Notes
Turn   | Place    | Note
-------+----------+-------------------------------------------
     0 | D:1      | markt42 the Gargoyle Fighter began the quest for the Orb.
     0 | D:1      | Reached XP level 1. HP: 14/14 MP: 1/1
   227 | D:1      | Reached XP level 2. HP: 19/19 MP: 2/2
   609 | D:2      | Reached XP level 3. HP: 10/23 MP: 3/3
   849 | D:2      | Noticed Sigmund
   869 | D:2      | Killed Sigmund
   869 | D:2      | Reached skill level 4 in Maces & Flails
   869 | D:2      | Reached XP level 4. HP: 6/28 MP: 4/4
   869 | D:2      | Reached XP level 5. HP: 7/32 MP: 5/5
  1279 | D:2      | Noticed Terence
  1282 | D:2      | Gained mutation: Your muscles are strong. (Str +2) [potion of mutation]
  1282 | D:2      | Gained mutation: You are partially covered in yellow scales. (AC +2) [potion of mutation]
  1283 | D:2      | Lost mutation: Your muscles are strong. (Str +2) [potion of mutation]
  1283 | D:2      | Lost mutation: You are partially covered in yellow scales. (AC +2) [potion of mutation]
  1283 | D:2      | Gained mutation: Your muscles are strong. (Str +2) [potion of mutation]
  1283 | D:2      | Gained mutation: You passively map a small area around you. [potion of mutation]
  1283 | D:2      | Gained mutation: You are agile. (Dex +2) [potion of mutation]
  1283 | D:2      | Gained mutation: You are very agile. (Dex +4) [potion of mutation]
  1286 | D:2      | Killed Terence
  1286 | D:2      | Reached XP level 6. HP: 19/37 MP: 6/6
  1320 | D:2      | Noticed Jessica
  1325 | D:2      | Killed Jessica
  1626 | D:3      | Found a snail-covered altar of Cheibriados.
  1729 | D:3      | Noticed Grinder
  1747 | D:3      | Killed Grinder
  1747 | D:3      | Reached skill level 5 in Maces & Flails
  1747 | D:3      | Reached skill level 1 in Dodging
  1747 | D:3      | Reached XP level 7. HP: 26/42 MP: 7/7
  1970 | D:3      | Found a stormy altar of Qazlal.
  2182 | D:4      | Reached skill level 6 in Maces & Flails
  2219 | D:4      | Noticed ThereIsNoGod's ghost (amateur TrFi)
  2554 | D:4      | Killed ThereIsNoGod's ghost
  2554 | D:4      | Reached skill level 5 in Armour
  2905 | D:4      | Reached XP level 8. HP: 48/48 MP: 8/8
  2918 | D:4      | Noticed Ijyb
  2970 | D:4      | Killed Ijyb
  3126 | D:4      | Reached skill level 5 in Shields
  3152 | D:4      | Found a staircase to the Ecumenical Temple.
  3165 | D:4      | Reached skill level 7 in Maces & Flails
  3170 | Temple   | Entered the Ecumenical Temple
  3333 | D:4      | Noticed Menkaure
  3340 | D:4      | Killed Menkaure
  3678 | D:4      | You fall through a shaft!
  3678 | D:5      | Entered Level 5 of the Dungeon
  3714 | D:5      | Found a burning altar of Makhleb.
  4084 | D:5      | Noticed Blork the orc
  4103 | D:5      | Killed Blork the orc
  4103 | D:5      | Reached skill level 8 in Maces & Flails
  4467 | D:5      | Reached XP level 9. HP: 46/52 MP: 9/9
  4586 | D:5      | Found a runed door.
  4593 | D:5      | Noticed Crazy Yiuf
  4604 | D:5      | Killed Crazy Yiuf
  4607 | D:5      | Lost mutation: Your muscles are strong. (Str +2) [potion of mutation]
  4607 | D:5      | Lost mutation: You passively map a small area around you. [potion of mutation]
  4607 | D:5      | Gained mutation: Scrolls take you a little longer to read. [potion of mutation]
  4607 | D:5      | Gained mutation: You have a somewhat thin skeletal structure. (Dex +2, Stealth) [potion of mutation]
  4607 | D:5      | Lost mutation: You are very agile. (Dex +4) [potion of mutation]
  4607 | D:5      | Gained mutation: You are very agile. (Dex +4) [potion of mutation]
  4608 | D:5      | Lost mutation: You are very agile. (Dex +4) [potion of mutation]
  4608 | D:5      | Gained mutation: You have large cloven feet. [potion of mutation]
  4608 | D:5      | Gained mutation: You have hoof-like feet. [potion of mutation]
  4738 | D:6      | Gained mutation: Your spells are a little easier to cast, but a little less powerful. [mutagenic meat]
  4740 | D:6      | Gained mutation: You are very agile. (Dex +4) [mutagenic meat]
  4741 | D:6      | Gained mutation: Scrolls take you longer to read. [mutagenic meat]
  4742 | D:6      | Lost mutation: Scrolls take you longer to read. [mutagenic meat]
  4743 | D:6      | Gained mutation: Your body sometimes deteriorates upon taking damage. [mutagenic meat]
  4763 | D:6      | Noticed Terandir's ghost (novice DEEE)
  4771 | D:6      | Killed Terandir's ghost
  4771 | D:6      | Reached skill level 5 in Fighting
  4771 | D:6      | Reached skill level 9 in Maces & Flails
  5039 | D:6      | Noticed Prince Ribbit
  5180 | D:6      | Killed Prince Ribbit
  5341 | D:6      | Reached skill level 10 in Maces & Flails
  5548 | D:7      | Got a pair of smoking gloves
  5559 | D:7      | Identified the +0 pair of gloves of the Game Afoot {rF++ Str+3 Int-4 Stlth+} (You found it on level 7 of the Dungeon)
  5639 | D:7      | Reached XP level 10. HP: 39/59 MP: 10/10
  5903 | D:7      | Found an iron altar of Okawaru.
  6036 | D:7      | Became a worshipper of Warmaster Okawaru
  6176 | D:7      | Noticed Joseph
  6205 | D:7      | Killed Joseph
  6422 | D:8      | Noticed an unseen horror
  6443 | D:8      | Killed an unseen horror
  6443 | D:8      | Reached * piety under Okawaru
  6443 | D:8      | Reached skill level 11 in Maces & Flails
  6625 | D:8      | Noticed Gastronok
  6651 | D:8      | Killed Gastronok
  6651 | D:8      | Reached ** piety under Okawaru
  6651 | D:8      | Reached XP level 11. HP: 25/64 MP: 11/11
  6668 | D:8      | Noticed a two-headed ogre
  6929 | D:8      | Noticed Erica
  6941 | D:8      | Killed Erica
  6941 | D:8      | Reached *** piety under Okawaru
  6941 | D:8      | Reached skill level 12 in Maces & Flails
  7048 | D:8      | Noticed Psyche
  7056 | D:8      | Killed Psyche
  7139 | D:8      | Killed a two-headed ogre
  7445 | D:8      | Found a bloodstained altar of Trog.
  7445 | D:8      | Found an ancient bone altar of Kikubaaqudgha.
  7549 | D:9      | Found a shimmering altar of Xom.
  7562 | D:9      | Noticed a two-headed ogre
  7573 | D:9      | Killed a two-headed ogre
  7573 | D:9      | Reached **** piety under Okawaru
  7573 | D:9      | Slain by an ogre

Skill      XL: |  1  2  3  4  5  6  7  8  9 10 11 |
---------------+----------------------------------+-----
Maces & Flails | 4 5 6 8 10 11 12 | 12.6
Armour         | 4 5 6 7 8 9 |  9.3
Shields        | 4 5 6 8 |  8.5
Dodging        | 1 2 |  2.2
Fighting       | 4 5 6 |  6.4

Action                   |  1- 3 |  4- 6 |  7- 9 | 10-12 || total
-------------------------+-------+-------+-------+-------++-------
Melee: Flail             |   118 |   120 |   491 |   257 ||   986
       Kick              |       |       |    40 |    96 ||   136
Evoke: Wand              |       |       |       |     1 ||     1
  Use: Potion            |     2 |     4 |    12 |     1 ||    19
       Scroll            |       |       |    13 |     2 ||    15
  Eat: Chunk             |       |     3 |    19 |     7 ||    29
Armor: Scale mail        |    90 |    56 |    51 |       ||   197
       Chain mail        |       |       |    61 |       ||    61
       Plate armour      |       |       |   167 |   132 ||   299
       Skin              |       |       |       |     5 ||     5
Dodge: Dodged            |    59 |    33 |   108 |    42 ||   242
Block: Shield            |    83 |    50 |   239 |   145 ||   517
